 Dungeon Crawl Stone Soup version 0.29-a0-360-g8ed1089bbe (webtiles) character file.

Game seed: 6842418451672958693

1 HendSelp the Ducker (level 1, -1/14 HPs)
             Began as a Tengu Monk on Apr 28, 2022.
             Slain by a gnoll
             ... wielding a +0 whip
              (10 damage)
             ... on level 1 of the Dungeon.
             The game lasted 00:00:04 (95 turns).

HendSelp the Ducker (Tengu Monk)                      Turns: 95, Time: 00:00:04

Health: -1/14      AC:  2    Str: 11    XL:     1   Next: 20%
Magic:  2/2        EV: 13    Int: 10    God:
Gold:   0          SH:  0    Dex: 16    Spells: 0/0 levels left

rFire   . . .      SeeInvis .   a - +0 falchion
rCold   . . .      Faith    .   (no shield)
rNeg    . . .      Spirit   .   b - +0 robe
rPois   .          Reflect  .   (helmet restricted)
rElec   .          Harm     .   (no cloak)
rCorr   .          Rampage  .   (no gloves)
Will    .....                   (boots unavailable)
Stlth   ++........              (no amulet)
HPRegen 0.04/turn               (no ring)
MPRegen 0.08/turn               (no ring)

@: no status effects
A: beak, talons 3
a: no special abilities


You were on level 1 of the Dungeon.
You visited 1 branch of the dungeon, and saw 1 of its levels.

Inventory:

Hand Weapons
 a - a +0 falchion (weapon)
Armour
 b - a +0 robe (worn)
Scrolls
 d - a scroll of teleportation {unknown}
 e - a scroll of identify {unknown}
Potions
 c - a potion of ambrosia


   Skills:
 + Level 3.0 Fighting
 + Level 3.3 Long Blades
 + Level 3.3 Dodging
 - Level 2.0 Stealth


You couldn't memorise any spells.
You didn't know any spells.
Your spell library was empty.

Dungeon Overview and Level Annotations

Branches:
Dungeon (1/15)

Altars:


Innate Abilities, Weirdness & Mutations

You have a beak for a mouth.
You have claws for feet.


Message History

Welcome, HendSelp the Tengu Monk.
Everyone else who sought the Orb of Zot has failed.
Will you be different?
Press ? for a list of commands and other information.
Found a staircase leading out of the dungeon.
Found 20 stones.
No target in view!
Key pressed, stopping explore.
No target in view!
d - a scroll labelled OMMUSKONTO No target in view!
e - a scroll labelled POMEKHL YRPHODISYR No target in view!
Found a stone staircase leading down.
No target in view!
A gnoll and an endoplasm come into view.
The endoplasm quivers.
There are monsters nearby!
The gnoll shouts!
There are monsters nearby!
The endoplasm barely misses you.
An endoplasm comes into view.
There are monsters nearby!
You barely miss the endoplasm.
The endoplasm quivers.
You claw the endoplasm!
You kill the endoplasm!
There are monsters nearby!
A bat comes into view.
The gnoll hits you with a +0 whip.
Unknown command.
You closely miss the gnoll. Your peck misses the gnoll.
The gnoll hits you with a +0 whip!
Ouch! That really hurt!
You die...

#.##.##...###.###.###
#.#.##..###8#.# #.#
##.#.#.##....#.###.#
#8.#.#.#8.##.#.8##.#######.
##.#.#.##.8#.#.##..........
#.#.##...##.#.#........#.
#.##.####..##.#......#...#
##.##.....##.##......# ...
##.#######.##.@.....#
##.......##.g.........
####8####.............
####..........>.#..
...J.......b....#
................
.............#.#
.....###.....#.#


You could see a gnoll, an endoplasm and a bat.

Vanquished Creatures
  An endoplasm (D:1)
1 creature vanquished.

Notes
Turn   | Place    | Note
-------+----------+-------------------------------------------
     0 | D:1      | HendSelp the Tengu Monk began the quest for the Orb.
     0 | D:1      | Reached XP level 1. HP: 14/14 MP: 2/2
    95 | D:1      | Slain by a gnoll

Illustrated notes

Levels and vault maps discovered:
D:1:      nagdon_arrival_double_spiral, layout_rooms

Action                   || total
-------------------------++-------
Melee: Falchion          ||     2
       Kick              ||     1
Dodge: Dodged            ||     1

Table legend: (Time is in decaauts)
 A = Elapsed time spent in this place.
 B = Non-inter-level travel time spent in this place.
 C = Inter-level travel time spent in this place.
 D = Time resting spent in this place.
 E = Time spent auto-exploring this place.
 F = Levels seen in this place.
 G = Mean time per level.
                   A        B        C        D        E       F      G
               +--------+--------+--------+--------+--------+-----+--------+
         Total |     95 |     95 |      0 |      0 |     85 |   1 |   95.0 |
       Dungeon |     95 |     95 |      0 |      0 |     85 |   1 |   95.0 |
               +--------+--------+--------+--------+--------+-----+--------+

Top non-repeatable levels by time:
     D:1: 95 daAuts
